 Dungeon Crawl Stone Soup version 0.31.0-11-ge490571c62 (webtiles) character file.

Game seed: 2647458010181727822

26 howech the Changeling (level 3, 0/23 HPs)
             Began as an Octopode Shapeshifter on Feb 7, 2024.
             Was a Follower of the Shining One.
             Slain by Terence
             ... wielding a +0 hand axe
              (6 damage)
             ... on level 2 of the Dungeon.
             The game lasted 00:02:41 (728 turns).

howech the Changeling (Octopode Shapeshifter)        Turns: 728, Time: 00:02:42

Health: 0/23       AC:  1    Str: 13    XL:     3   Next: 8%
Magic:  3/3        EV: 13    Int: 12    God:    the Shining One [*.....]
Gold:   32         SH:  0    Dex: 13    Spells: 0/2 levels left

rFire   . .          .
                       - Unarmed
rCold   . . .        (no shield)
rNeg    . . .        (helmet currently unavailable)
rPois   .            (no amulet)
rElec   .            (no ring)
rCorr   .            (no ring)
SInv    .            (no ring)
Will    .....        (no ring)
Stlth   +            (no ring)
HPRegen 0.23/turn    (no ring)
MPRegen 0.08/turn    (no ring)
                     (no ring)

%: no passive effects
@: beast-form, glowing
A: beast (slay +1), almost no armour, amphibious, 8 rings, camouflage 1,
gelatinous body 1, (nimble swimmer 1), tentacles
a: Begin Untransformation, Renounce Religion, Divine Shield


You were on level 2 of the Dungeon.
You worshipped the Shining One.
The Shining One was aware of your devotion.
You were a hulking beast.
You visited 1 branch of the dungeon, and saw 2 of its levels.

You collected 32 gold pieces.

Inventory:

Talismans
 b - a beast talisman
 c - a flux talisman
Scrolls
 e - a scroll of poison {unknown}
 f - a scroll of enchant weapon {unknown}
Potions
 a - a potion of lignification
 d - a potion of enlightenment {unknown}
 g - a potion of attraction {unknown}
 h - a potion of curing {unknown}


   Skills:
 + Level 1.4 Fighting
 + Level 2.3 Dodging
 + Level 1.0 Stealth
 + Level 3.2 Unarmed Combat
 + Level 0.0 Spellcasting
 + Level 0.0 Translocations
 + Level 0.0 Invocations
 * Level 3.3 Shapeshifting


You couldn't memorise any spells.
You knew the following spells:

 Your Spells              Type           Power      Damage    Failure   Level
a - Blink                 Tloc           0%         N/A       45%         2

Your spell library contained the following spells:

 Spells                   Type           Power      Damage    Failure   Level
 Magic Dart               Conj           0%         1d3       32%         1
 Call Imp                 Summ           0%         N/A       45%         2


Dungeon Overview and Level Annotations

Branches:
Dungeon (2/15)

Altars:
The Shining One

Annotations:
D:2 Terence


Innate Abilities, Weirdness & Mutations

You are a hulking beast.
Your limbs bulge with bestial killing power. (Slay +1)
You cannot wear most types of armour.
You are amphibious.
You can wear up to eight rings at the same time.
Your skin changes colour to match your surroundings (Stealth+).
Your rubbery body absorbs attacks. (AC +1, EV +1)
((You are camouflaged when in or above water. (Stealth+)))
You have tentacles for arms and can constrict up to eight enemies at once.


Message History

You tentacle-slap Terence but do no damage.
You grab Terence. You squeeze Terence, but do no damage.
You constrict Terence, but do no damage.
Terence hits you with a +0 hand axe.
You tentacle-slap Terence but do no damage.
You squeeze Terence, but do no damage.
You constrict Terence, but do no damage.
Terence hits you with a +0 hand axe.
You tentacle-slap Terence.
Terence is lightly wounded.
You constrict Terence.
You tentacle-slap Terence but do no damage.
Terence is moderately wounded.
You constrict Terence. Terence barely misses you.
Unknown command.
You tentacle-slap Terence but do no damage.
You squeeze Terence, but do no damage.
Terence is moderately wounded.
You constrict Terence. Terence completely misses you.
Unknown command.
You tentacle-slap Terence but do no damage.
Terence is heavily wounded.
You constrict Terence. Terence hits you with a +0 hand axe.
Unknown command.
You tentacle-slap Terence but do no damage.
Terence is heavily wounded.
You constrict Terence, but do no damage.
Terence closely misses you.
You tentacle-slap Terence but do no damage.
You squeeze Terence, but do no damage.
Terence is heavily wounded.
You constrict Terence. Terence hits you with a +0 hand axe.
* * * LOW HITPOINT WARNING * * *
Unknown command.
You tentacle-slap Terence but do no damage.
You squeeze Terence, but do no damage.
Terence is severely wounded.
You constrict Terence. Terence hits you with a +0 hand axe.
You die...
Terence says, "That felt goooood."

#.... #....
#....### .
#......# ..
#.#...#####...
#.............
#............
#....h@....#
#..........#
#..........#
#..<.........
#..........##
#............
#........$###
#.........#
..........#


You could see Terence.

Vanquished Creatures
  A dart slug (D:1)
  2 bats (D:1)
  3 endoplasms (D:1)
  A giant cockroach (D:1)
  A goblin (D:1)
  2 kobolds (D:1)
  2 quokkas (D:1)
  7 ball pythons (D:1)
  A frilled lizard (D:1)
  2 rats (D:1)
22 creatures vanquished.

Notes
Turn   | Place    | Note
-------+----------+-------------------------------------------
     0 | D:1      | howech the Octopode Shapeshifter began the quest for the
                  | Orb.
     0 | D:1      | Reached XP level 1. HP: 13/13 MP: 1/1
    88 | D:1      | Reached XP level 2. HP: 18/18 MP: 2/2
    93 | D:1      | Found a faded altar of an unknown god.
   234 | D:1      | Prayed at the altar of an unknown god.
   234 | D:1      | Became a worshipper of the Shining One
   234 | D:1      | Reached * piety under the Shining One
   573 | D:1      | Reached skill level 1 in Stealth
   573 | D:1      | Reached XP level 3. HP: 23/23 MP: 3/3
   584 | D:1      | Learned a level 2 spell: Blink
   716 | D:2      | Noticed Terence
   728 | D:2      | Slain by Terence

Illustrated notes

Levels and vault maps discovered:
D:1:      minmay_arrival_diagonal_passages, layout_basic,
          nicolae_ecumenical_lake_church, minmay_misc_feat_more_columns
D:2:      layout_basic, serial_shops, shop, minmay_rat_hole, uniq_terence

Skill      XL: |  1  2 |
---------------+-------+-----
Stealth        | 1 |  1.0
Fighting       | |  1.4
Dodging        | |  2.3
Unarmed Combat | |  3.2
Shapeshifting  | |  3.3

Action                     || total
---------------------------++-------
  Melee: Unarmed           ||    48
         Constrict         ||    10
         Tentacles         ||    13
         Punch             ||     1
   Stab: Sleeping          ||     5
 Armour: Skin              ||    14
  Dodge: Dodged            ||    28
